 Dungeon Crawl Stone Soup version 0.20-a0-1124-g2e29d97 (webtiles) character file.

169 tyvek the Shield-Bearer (level 5, -1/28 HPs)
             Began as a Vine Stalker Fighter on May 17, 2017.
             Slain by an ogre
             ... wielding a +0 giant spiked club
              (22 damage)
             ... on level 3 of the Dungeon.
             The game lasted 00:02:29 (2124 turns).

tyvek the Shield-Bearer (Vine Stalker Fighter)      Turns: 2124, Time: 00:02:30

Health: -1/28      AC:  6    Str: 20    XL:     5   Next: 50%
Magic:  0/6        EV:  7    Int:  8    God:
Gold:   148        SH:  9    Dex: 13    Spells: 4/4 levels left

rFire    . . .     SeeInvis .   a - +0 rapier
rCold    . . .     Gourm    .   c - +0 shield
rNeg     . . .     Faith    +   b - +0 scale mail
rPois    .         Spirit   +   (no helmet)
rElec    .         Reflect  .   (no cloak)
rCorr    .         Harm     .   (no gloves)
MR       .....                  (no boots)
Stlth    ..........             H - amulet of faith {!P}
Regen    0.5/turn               (no ring)
MPRegen  0.1/turn               (no ring)

@: no status effects
A: fangs 2, regeneration 1, magic shield, antimagic bite, no potion heal 3, rot
immunity
a: no special abilities


You were on level 3 of the Dungeon.
You were not hungry.

You visited 1 branch of the dungeon, and saw 3 of its levels.

You collected 148 gold pieces.


Innate Abilities, Weirdness & Mutations

You have extremely sharp teeth.
Your natural rate of healing is unusually fast.
When hurt, damage is shared between your health and your magic reserves.
Your bite disrupts and absorbs the magic of your enemies.
Potions cannot restore your health.
You are immune to rotting.


   Skills:
 + Level 3.4 Fighting
 * Level 3.0 Short Blades
 + Level 3.2 Armour
 + Level 3.6 Shields


You had 4 spell levels left.
You didn't know any spells.

Inventory:

Hand Weapons
 a - a +0 rapier (weapon)
Armour
 b - a +0 scale mail (worn)
 c - a +0 shield (worn)
Jewellery
 H - an amulet of faith (around neck) {!P}
Scrolls
 e - a scroll of magic mapping {unknown}
 j - a scroll of random uselessness {unknown}
 k - a scroll of amnesia {unknown}
 m - 3 scrolls of remove curse {unknown}
 s - 3 scrolls of identify {unknown}
 t - 4 scrolls of immolation {unknown}
 u - a scroll of noise {unknown}
Potions
 d - 2 potions of might
 g - a potion of mutation {unknown}
 i - 2 potions of ambrosia {unknown}
 l - a potion of berserk rage {unknown}
 n - 2 potions of invisibility {unknown}
 p - a potion of agility {unknown}
 v - a potion of haste {unknown}
Comestibles
 f - 3 bread rations {@e1}
 h - 4 fruits {@e2}
 o - a meat ration {@e1}
 q - 2 royal jellies {@e3}
 r - 7 chunks of flesh

Dungeon Overview and Level Annotations

Branches:
Dungeon (3/15)

Altars:
Cheibriados

.#..##### #####.#
#...........# .##.#
#.####...........#
......
...................
.######
######....#...........#.
.#
..........#...........#.
.# ........#...........#
. ....$.#...........#
#O...#############
#####.@..# ..........#
############
#######...###..........#
#..........#..........#
#.####...#.#..........#
#.....#.#..........#
#.#...#.#..........#
.##.###.#.#..........#
.....##.#.#.........)#


You could see an ogre.


Message History

The ogre barely misses you.
An ogre is nearby!
You hit the ogre. You bite the ogre. You drain its power.
The ogre is heavily wounded.
You block the ogre's attack.
An ogre is nearby!
You barely miss the ogre. You bite the ogre. You drain its power.
The ogre is heavily wounded.
The ogre barely misses you.
You hit the ogre.
The ogre is heavily wounded.
You block the ogre's attack.
Unknown command.
You hit the ogre. You bite the ogre. You drain its power.
The ogre is severely wounded.
You closely miss the ogre. You bite the ogre, but do no damage.
The ogre is severely wounded.
You block the ogre's attack.
You hit the ogre.
The ogre is severely wounded.
The ogre hits you with a giant spiked club!
You hit the ogre. You bite the ogre, but do no damage.
The ogre is almost dead.
The ogre barely misses you.
You barely miss the ogre. You bite the ogre. You drain its power.
You feel invigorated.
The ogre is almost dead.
The ogre hits you with a giant spiked club!!
Ouch! That really hurt!
You die...

Skill      XL: |  1  2  3  4  5 |
---------------+----------------+-----
Short Blades   | 2 3 |  3.0
Fighting       | 3 |  3.4
Shields        | 3 |  3.6
Armour         | 3 |  3.2

Action                   |  1- 3 |  4- 6 || total
-------------------------+-------+-------++-------
Melee: Rapier            |   100 |   107 ||   207
       Bite              |    18 |    28 ||    46
  Eat: Chunk             |     1 |     3 ||     4
Armor: Scale mail        |    30 |    35 ||    65
Dodge: Dodged            |    27 |    47 ||    74
Block: Shield            |    43 |    54 ||    97

Vault maps used:
D:1:      dpeg_arrival_round_a
D:2:      minmay_tromino_mix6
D:3:      kennysheep_slug_shrine, elyvilon_altar_1, first_bread

Notes
Turn   | Place    | Note
-------+----------+-------------------------------------------
     0 | D:1      | tyvek the Vine Stalker Fighter began the quest for the Orb.
     0 | D:1      | Reached XP level 1. HP: 11/11 MP: 2/2
    97 | D:1      | Reached skill level 2 in Short Blades
    97 | D:1      | Reached XP level 2. HP: 13/16 MP: 3/3
   239 | D:1      | Reached XP level 3. HP: 19/19 MP: 4/4
   242 | D:1      | Reached skill level 3 in Fighting
   340 | D:1      | Reached skill level 3 in Shields
  1170 | D:2      | Gained mutation: Your natural rate of healing is unusually fast. [Vine Stalker growth]
  1170 | D:2      | Reached XP level 4. HP: 21/24 MP: 5/5
  1780 | D:3      | Found a snail-covered altar of Cheibriados.
  1797 | D:3      | Reached skill level 3 in Armour
  1877 | D:3      | Reached XP level 5. HP: 22/28 MP: 6/6
  2026 | D:3      | Reached skill level 3 in Short Blades
  2111 | D:3      | Noticed an ogre
  2124 | D:3      | Slain by an ogre

Vanquished Creatures
  3 gnolls (D:3)
  6 adders
  An ooze (D:1)
  3 worms
  3 dart slugs
  A leopard gecko (D:1)
  An orc (D:3)
  4 bats
  4 giant cockroaches
  9 goblins
  11 hobgoblins
  2 quokkas (D:3)
  3 frilled lizards
  11 kobolds
  3 rats
65 creatures vanquished.
